AoeStats
← b站江条

Arabia

507224998Analyzed
1v1 RM · 15d ago on Sep 17, 2026· 39m 41s· 2 players
Game mode
Random Map
Map size
Tiny (2 player)
Population
200
Speed
Normal
Resources
Standard
Victory
Conquest
Starting age
Dark Age
Ending age
Imperial Age
RankedLock teamsTeams togetherTeam positionsShared explorationLock speedFull tech treeHidden civsTurbo modeCheats
Victory
Defeat
🇹🇼 Mongols · Taiwan
1439
+15
🇨🇳 Maya · China
1420
-15
b站江条
0:25 Loom
8:33 Feudal Age
9:31 Double-Bit Axe
17:19 Fletching
20:39 Horse Collar
25:20 Castle Age
25:00 Gold Mining
25:45 Crossbowman
26:39 Heavy Plow
26:51 Bow Saw
26:17 Pikeman
26:59 Bodkin Arrow
27:04 Scale Mail Armor
29:12 Wheelbarrow
36:01 Imperial Age
36:32 Arbalester
37:15 Bracer
37:16 Padded Archer Armor
37:44 Ballistics
39:07 Leather Archer Armor
40:18 Chemistry
gemi
5:29 Loom
8:22 Feudal Age
8:58 Double-Bit Axe
11:36 Forging
14:17 Wheelbarrow
15:06 Scale Barding Armor
23:57 Castle Age
22:36 Horse Collar
23:57 Bloodlines
24:00 Light Cavalry
25:07 Chain Barding Armor
27:21 Husbandry
27:38 Bow Saw
33:40 Scale Mail Armor
34:17 Iron Casting
Connection lost

Rejoining the realm…

Still unreachable

The connection could not be restored.

Session expired

The server has moved on; the page needs a fresh start.